Map: [ESL] Inside and Out

Players

DnS - Winner!

  • Race: Protoss Protoss
  • Spawn Location: 7:00

trigger

  • Race: Protoss Protoss
  • Spawn Location: 1:00

Event: DreamHack SC2 Masters 2022 Valencia

VOD

Have the link to the VOD?

Description

Time

  • Played on: July 1, 2022, 10:07 a.m.
  • Length: 4:50

All games in this series

Show
View Real Time Build Order
Export as new Build Order

DnS Protoss - Winner!

Build Orders: Oracle Opening 

Get SALT Encoding   

  12  0:00  Probe  
  13  0:12  Probe  
  14  0:17  Pylon  
  14  0:24  Probe (Chrono Boost)  
  15  0:36  Probe (Chrono Boost)  
  15  0:38  Gateway  
  16  0:44  Probe (Chrono Boost)  
  16  0:47  Assimilator  
  17  0:51  Probe  
  18  0:57  Assimilator  
  18  1:03  Probe (Chrono Boost)  
  19  1:07  Pylon  
  19  1:13  Probe (Chrono Boost)  
  19  1:18  Probe (Chrono Boost)  
  21  1:26  Cybernetics Core  
  21  1:29  Probe  
  22  1:33  Zealot  
  24  1:41  Probe  
  25  1:53  Probe  
  26  2:05  Probe  
  26  2:06  Stargate  
  27  2:11  Stalker  
  29  2:17  Pylon  
  29  2:18  Probe  
  30  2:27  Warp Gate  
  30  2:38  Nexus  
  30  2:45  Stalker  
  32  2:52  Oracle (Chrono Boost)  
  35  3:01  Shield Battery  
  35  3:08  Shield Battery  
  34  3:21  Robotics Facility  
  34  3:31  Stalker  
  36  3:36  Pylon  
  36  3:48  Gateway  
  36  4:02  Shield Battery  
  34  4:04  Shield Battery  
  34  4:07  Immortal (Chrono Boost)  
  34  4:15  Sentry  
  40  4:17  Shield Battery  
  40  4:22  Pylon  
  40  4:41  Pylon  
  40  4:43  Zealot  
Show
View Real Time Build Order
Export as new Build Order

trigger Protoss 

Build Orders:  

Get SALT Encoding   

  12  0:00  Probe  
  13  0:12  Probe  
  14  0:17  Pylon  
  14  0:24  Probe (Chrono Boost)  
  15  0:37  Probe (Chrono Boost), Gateway  
  16  0:43  Probe (Chrono Boost)  
  16  0:46  Assimilator  
  17  0:51  Probe  
  18  1:03  Probe (Chrono Boost)  
  19  1:04  Assimilator  
  19  1:10  Gateway  
  19  1:12  Probe (Chrono Boost)  
  19  1:17  Probe (Chrono Boost)  
  21  1:28  Cybernetics Core  
  21  1:29  Probe  
  22  1:38  Pylon  
  22  1:41  Probe  
  23  2:02  Warp Gate (Chrono Boost)  
  23  2:05  Stalker x2  
  27  2:13  Gateway  
  27  2:20  Pylon  
  27  2:35  Stalker x2  
  31  2:43  Pylon  
  31  3:01  Stalker  
  31  3:05  Stalker  
  35  3:07  Shield Battery  
  35  3:17  Gateway  
  35  3:24  Pylon  
  35  3:38  Stalker  
  35  3:39  Stalker  
  39  3:43  Stalker  
  41  4:05  Stalker x2  
  41  4:06  Stalker  
  47  4:10  Pylon  
  47  4:22  Stalker  
  45  4:29  Stalker  
  45  4:36  Stalker  

Tags
 
Add a new tag
Caveats
  • Supply blocks, unpowered buildings, or Contaminate may cause inaccurate times.
  • Supply counts are checked every 10 seconds.